 Dungeon Crawl Stone Soup version 0.22-a0-253-gf9d0ce56dd (webtiles) character file.

11241 Peterchen the Severer (level 11, -2/120 (123) HPs)
             Began as a Minotaur Berserker on Mar 3, 2018.
             Was a High Priest of Trog.
             Drowned by a water elemental (8 damage)
             ... on level 11 of the Dungeon.
             The game lasted 00:30:07 (11064 turns).

Peterchen the Severer (Minotaur Berserker)         Turns: 11064, Time: 00:30:07

HP:   -2/120 (123)  AC: 14    Str: 31    XL:     11   Next: 46%
MP:   10/10         EV:  9    Int:  4    God:    Trog [*****.]
Gold: 858           SH:  0    Dex: 12    Spells: 10/10 levels left

rFire    . . .     SeeInvis .   s - +0 battleaxe
rCold    . . .     Gourm    .   (shield currently unavailable)
rNeg     . . .     Faith    .   B - +3 chain mail
rPois    .         Spirit   .   (helmet restricted)
rElec    .         Reflect  .   y - +0 cloak
rCorr    .         Harm     .   (no gloves)
MR       +....                  r - +0 pair of boots
Stlth    ..........             (no amulet)
HPRegen  0.30/turn              f - +3 ring of dexterity
MPRegen  0.12/turn              p - ring of protection from magic

@: berserking, engulfed (cannot breathe), very quick
A: retaliatory headbutt, horns 2
a: Berserk, Trog's Hand, Brothers in Arms, Renounce Religion


You were on level 11 of the Dungeon.
You worshipped Trog.
Trog was extremely pleased with you.
You were not hungry.

You visited 1 branch of the dungeon, and saw 12 of its levels.

You collected 858 gold pieces.

Inventory:

Hand Weapons
 s - a +0 battleaxe (weapon)
Missiles
 v - 20 javelins (quivered)
Armour
 r - a +0 pair of boots (worn)
 y - a +0 cloak (worn)
 B - a +3 chain mail (worn)
Jewellery
 d - an uncursed ring of protection from fire
 f - a +3 ring of dexterity (left hand)
 p - a ring of protection from magic (right hand)
Wands
 h - a wand of iceblast (3)
 t - a wand of polymorph (34)
 u - a wand of clouds (8)
Scrolls
 e - 3 scrolls of fog
 k - 2 scrolls of fear {unknown}
 l - 4 scrolls of enchant weapon
 m - 3 scrolls of enchant armour
 n - 4 scrolls of teleportation
 q - a scroll of blinking {unknown}
 A - 6 scrolls of remove curse
 D - 4 scrolls of identify
Potions
 a - a potion of might {unknown}
 b - a potion of cancellation {unknown}
 g - 2 potions of flight {unknown}
 i - 2 potions of lignification {unknown}
 j - 9 potions of curing {unknown}
 o - a potion of invisibility {unknown}
 w - 3 potions of degeneration {unknown}
 x - a potion of mutation {unknown}
 C - a potion of brilliance {unknown}
 E - a potion of agility {unknown}
Comestibles
 c - 20 rations


   Skills:
 - Level 3.6 Fighting
 * Level 19.9 Axes
 - Level 2.4 Armour
 - Level 2.1 Dodging


You had 10 spell levels left.
You didn't know any spells.

Dungeon Overview and Level Annotations

Branches:
Dungeon (12/15)            Temple (0/1) D:4            Lair (0/6) D:8
    Orc: D:9-12

Altars:
Cheibriados
Elyvilon
Kikubaaqudgha
Qazlal
Ru
Trog
Uskayaw
Wu Jian
Xom
Zin
The Shining One

Annotations:
D:12 Sonja


Innate Abilities, Weirdness & Mutations

You reflexively headbutt those who attack you in melee.
You have a pair of horns on your head.


Message History

The water elemental hits you!
You hit the water elemental. You headbutt the water elemental.
The water elemental is moderately damaged.
Your lungs strain for air!
You slash the water elemental!
The water elemental is heavily damaged.
Your lungs strain for air!
The water elemental barely misses you.
You slash the water elemental! You headbutt the water elemental!
The water elemental is almost destroyed.
Your lungs strain for air!
The water elemental hits you!
* * * LOW HITPOINT WARNING * * *
You eat one of the 21 rations.
That ration really hit the spot!
* * * LOW HITPOINT WARNING * * *
Your lungs strain for air!
The water elemental hits you.
A red film seems to cover your vision as you go berserk!
You feel yourself moving faster!
You feel mighty!
You feel a lot more hungry.
You die...

############## ###............#
###########..............########
..........#.#..............#...#.
..........#.#............#.#.####
..........#.#..>@........#.#.#...
..........#.#...E........#.#.#.##
..........#.#............#.'.#.#
..........#.#..........[.###.#.#
..........'.#########.#### #...#
..........### #####...# ##'##
#####'##### #.....### #..## #...#
#.##### ##... ###'######
##'####### ####


You could see a water elemental.

Vanquished Creatures
  The ghost of Peterchen the Executioner, a journeyman MiBe of Trog (D:12)
  3 two-headed ogres
  A tengu warrior (D:12)
  Pikel (D:6)
  Maurice (D:8)
  A gargoyle (D:10)
  3 slime creatures (D:12)
  2 hippogriffs
  Eustachio (D:4)
  A steam dragon (D:9)
  Menkaure (D:5)
  3 hungry ghosts
  Duvessa (D:6)
  A hornet zombie (D:12)
  3 orc warriors
  A water moccasin (D:10)
  2 sky beasts
  3 slaves (D:6)
  4 ice beasts
  3 necrophages (D:7)
  2 phantoms
  3 ogres
  2 centaurs (D:8)
  6 bullfrogs
  2 big kobolds
  A wyvern zombie (D:10)
  A gnoll sergeant (D:8)
  A water moccasin zombie (D:8)
  5 scorpions
  Dowan (D:6)
  7 wights
  2 howler monkeys (D:9)
  A bullfrog zombie (D:6)
  5 crimson imps
  2 centaur zombies
  5 jellies
  3 orc priests
  A hound (D:6)
  9 orc wizards
  2 bullfrog skeletons
  Crazy Yiuf (D:4)
  A centaur skeleton (D:12)
  Ijyb (D:5)
  Terence (D:2)
  3 iguanas
  A killer bee zombie (D:7)
  6 worker ants
  A centaur simulacrum (D:10)
  A hound zombie (D:10)
  2 hound skeletons
  7 gnolls
  8 adders
  6 shadow imps
  6 oozes
  An adder zombie (D:9)
  A worm (D:3)
  An adder skeleton (D:4)
  2 dart slugs
  2 leopard geckos
  34 orcs
  A ball python (D:1)
  5 giant cockroaches
  8 goblins
  9 hobgoblins
  4 quokkas
  5 bats
  2 frilled lizards
  2 jackal skeletons
  16 kobolds
  A quokka skeleton (D:4)
  9 rats
  A withered plant (D:7)
247 creatures vanquished.

Notes
Turn   | Place    | Note
-------+----------+-------------------------------------------
     0 | D:1      | Peterchen the Minotaur Berserker began the quest for the Orb.
     0 | D:1      | Reached XP level 1. HP: 19/19 MP: 0/0
   212 | D:1      | Reached skill level 4 in Axes
   291 | D:1      | Reached XP level 2. HP: 25/26 MP: 1/1
   507 | D:1      | Reached skill level 5 in Axes
   816 | D:1      | Reached XP level 3. HP: 27/31 MP: 2/2
   963 | D:2      | Noticed Terence
   973 | D:2      | Killed Terence
  1232 | D:2      | Found a snail-covered altar of Cheibriados.
  1293 | D:2      | Reached ** piety under Trog
  1363 | D:2      | Reached skill level 6 in Axes
  1363 | D:2      | Reached XP level 4. HP: 37/39 MP: 3/3
  2331 | D:3      | Found a faded altar of an unknown god.
  2890 | D:4      | Reached skill level 7 in Axes
  2890 | D:4      | Reached XP level 5. HP: 39/45 MP: 4/4
  3016 | D:4      | Found a bloodstained altar of Trog.
  3020 | D:4      | Noticed Eustachio
  3049 | D:4      | Killed Eustachio
  3049 | D:4      | Reached skill level 8 in Axes
  3049 | D:4      | Reached XP level 6. HP: 51/51 MP: 5/5
  3230 | D:4      | Found a runed door.
  3397 | D:4      | Found a staircase to the Ecumenical Temple.
  3623 | D:4      | Noticed Crazy Yiuf
  3625 | D:4      | Killed Crazy Yiuf
  3625 | D:4      | Reached skill level 9 in Axes
  3768 | D:5      | Entered Level 5 of the Dungeon
  3841 | D:5      | Noticed an ice beast
  3854 | D:5      | Killed an ice beast
  3854 | D:5      | Reached XP level 7. HP: 54/57 MP: 6/6
  4005 | D:5      | Found a glowing golden altar of the Shining One.
  4006 | D:5      | Noticed Ijyb
  4041 | D:5      | Killed Ijyb
  4041 | D:5      | Reached skill level 10 in Axes
  4053 | D:5      | Found a stormy altar of Qazlal.
  4053 | D:5      | Found a hide-covered altar of Uskayaw.
  4054 | D:5      | Found a glowing silver altar of Zin.
  4057 | D:5      | Found an ornate altar of the Wu Jian Council.
  4209 | D:5      | Noticed Menkaure
  4210 | D:5      | Reached *** piety under Trog
  4254 | D:5      | Killed Menkaure
  4519 | D:5      | Reached skill level 11 in Axes
  4696 | D:5      | Found a glowing golden altar of the Shining One.
  5018 | D:5      | Found a sacrificial altar of Ru.
  5038 | D:5      | Reached XP level 8. HP: 64/64 MP: 7/7
  5086 | D:5      | Found a white marble altar of Elyvilon.
  5204 | D:6      | Reached skill level 12 in Axes
  5863 | D:6      | Found an ancient bone altar of Kikubaaqudgha.
  5890 | D:6      | Reached skill level 13 in Axes
  5922 | D:6      | Noticed Pikel
  5948 | D:6      | Killed Pikel
  5948 | D:6      | Reached skill level 14 in Axes
  5948 | D:6      | Reached XP level 9. HP: 70/70 MP: 8/8
  6033 | D:6      | Noticed Dowan
  6034 | D:6      | Noticed Duvessa
  6044 | D:6      | Killed Dowan
  6047 | D:6      | Killed Duvessa
  6608 | D:7      | Reached skill level 15 in Axes
  7184 | D:8      | Found a shimmering altar of Xom.
  7184 | D:8      | Noticed Maurice
  7186 | D:8      | Found a shimmering altar of Xom.
  7188 | D:8      | Found a shimmering altar of Xom.
  7192 | D:8      | Found a shimmering altar of Xom.
  7220 | D:8      | Found a shimmering altar of Xom.
  7220 | D:8      | Found a shimmering altar of Xom.
  7223 | D:8      | Reached **** piety under Trog
  7243 | D:8      | Paralysed by fainting for 7 turns
  7250 | D:8      | Paralysed by fainting for 7 turns
  7262 | D:8      | Paralysed by fainting for 12 turns
  7324 | D:8      | Paralysed by fainting for 5 turns
  7354 | D:8      | Found a shimmering altar of Xom.
  7671 | D:8      | Reached skill level 16 in Axes
  7763 | D:8      | Reached XP level 10. HP: 38/75 MP: 9/9
  7980 | D:8      | Found a staircase to the Lair.
  8036 | D:8      | Killed Maurice
  8504 | D:9      | Found a bloodstained altar of Trog.
  8558 | D:9      | Noticed a two-headed ogre
  8570 | D:9      | Killed a two-headed ogre
  8570 | D:9      | Reached skill level 17 in Axes
  9446 | D:10     | Entered Level 10 of the Dungeon
  9486 | D:10     | Reached skill level 18 in Axes
  9630 | D:10     | Noticed a two-headed ogre
  9636 | D:10     | Killed a two-headed ogre
  9945 | D:10     | Noticed a gargoyle
  9955 | D:10     | Killed a gargoyle
  9955 | D:10     | Reached XP level 11. HP: 80/80 MP: 10/10
 10246 | D:11     | Noticed a two-headed ogre
 10254 | D:11     | Killed a two-headed ogre
 10254 | D:11     | Reached skill level 19 in Axes
 10406 | D:12     | Noticed a tengu warrior
 10416 | D:12     | Killed a tengu warrior
 10436 | D:12     | Noticed Peterchen's ghost (journeyman MiBe)
 10565 | D:12     | Killed Peterchen's ghost
 10763 | D:12     | Reached ***** piety under Trog
 10820 | D:12     | Noticed Sonja
 11063 | D:11     | HP: 4/80 [drowned by a water elemental (9)]
 11064 | D:11     | Drowned by a water elemental

Vault maps used:
D:1:      onia_arrival_mini_maze
D:2:      kennysheep_slug_shrine, first_ration, uniq_terence
D:3:      chequers_ecumenical_altar_grove
D:4:      minmay_temple_entry_fiery, bloody_trog, uniq_crazy_yiuf_cottage,
          uniq_eustachio
D:5:      cheibrodos_iron_armory, minitemple, kennysheep_little_box,
          basic_altar, st_stairs_1, serial_park_tiny_1, tso_metal_star,
          uniq_ijyb, uniq_menkaure
D:6:      nrook_mini_vaults, lemuel_tele_altar, uniq_duvessa, uniq_pikel
D:7:      serial_undead, serial_undead_d, serial_undead_b, serial_undead_c,
          serial_undead_b
D:8:      nicolae_xom_altar_mimics, lair_entry_dummy, uniq_maurice
D:9:      old_standard_altar, hangedman_little_slice_of_home
D:10:     hangedman_weighted_door, nicolae_zen_rock_garden, due_unseen_surprise
D:11:     orc_0_dummy, minmay_misc_feat_pillars, uniq_erolcha
D:12:     uniq_sonja

Skill      XL: |  1  2  3  4  5  6  7  8  9 10 11 |
---------------+----------------------------------+-----
Axes           | 4 5 6 7 8 9 11 14 16 18 19 | 19.9
Fighting       | |  3.6
Armour         | |  2.4
Dodging        | |  2.1

Action                   |  1- 3 |  4- 6 |  7- 9 | 10-12 || total
-------------------------+-------+-------+-------+-------++-------
Melee: Hand axe          |    62 |   138 |   145 |       ||   345
       Headbutt          |    11 |    16 |    72 |    57 ||   156
       Battleaxe         |       |       |   230 |   224 ||   454
       Unarmed           |       |       |    16 |       ||    16
Invok: Berserk           |       |     2 |     8 |     8 ||    18
       Trog's Hand       |       |       |     1 |     1 ||     2
  Use: Scroll            |       |     3 |     5 |     1 ||     9
 Stab: Sleeping          |     1 |       |       |       ||     1
  Eat: Chunk             |     1 |     9 |    18 |    18 ||    46
       Ration            |       |       |     3 |     1 ||     4
Armor: Animal skin       |     6 |       |       |       ||     6
       Scale mail        |     9 |     1 |       |       ||    10
       Plate armour      |       |    48 |   106 |       ||   154
       Chain mail        |       |    14 |    70 |   108 ||   192
       Skin              |       |       |    11 |       ||    11
Dodge: Dodged            |    36 |    43 |    82 |    79 ||   240
Block: Large shield      |       |       |    53 |       ||    53

Table legend:
 A = Spawn XP
 B = Non-spawn XP
 C = Spawn XP percentage of total XP
 D = Spawn monster count
 E = Non-spawn monster count
 F = Spawn count percentage of total count
 G = Total turns spent on level
                    A         B        C        D         E        F      G
               +---------+---------+-------+---------+---------+-------+---------
         Total |       0 |   16059 |   0.0 |       0 |     243 |   0.0 | 11064
               +---------+---------+-------+---------+---------+-------+---------
           D:1 |       0 |      41 |   0.0 |       0 |      20 |   0.0 |   879
           D:2 |       0 |      78 |   0.0 |       0 |      12 |   0.0 |   963
           D:3 |       0 |      46 |   0.0 |       0 |      23 |   0.0 |   814
           D:4 |       0 |     416 |   0.0 |       0 |      14 |   0.0 |  1112
           D:5 |       0 |     938 |   0.0 |       0 |      24 |   0.0 |  1401
           D:6 |       0 |    1747 |   0.0 |       0 |      26 |   0.0 |  1114
           D:7 |       0 |     918 |   0.0 |       0 |      22 |   0.0 |   872
           D:8 |       0 |    2259 |   0.0 |       0 |      33 |   0.0 |  1180
           D:9 |       0 |    2205 |   0.0 |       0 |      30 |   0.0 |  1111
          D:10 |       0 |    2802 |   0.0 |       0 |      16 |   0.0 |   627
          D:11 |       0 |    1142 |   0.0 |       0 |       8 |   0.0 |   363
          D:12 |       0 |    3467 |   0.0 |       0 |      15 |   0.0 |   628
               +---------+---------+-------+---------+---------+-------+---------
